 Dungeon Crawl Stone Soup version 0.30-a0-743-gbfdf073431 (webtiles) character file.

Game seed: 15194747913989845013

1062 BubbleThief the Geomancer (level 8, -6/41 HPs)
             Began as a Gargoyle Earth Elementalist on Feb 8, 2023.
             Mangled by a gnoll sergeant
             ... wielding a +0 spear
              (8 damage)
             ... on level 5 of the Dungeon.
             The game lasted 00:08:08 (4569 turns).

BubbleThief the Geomancer (GrEE)                    Turns: 4569, Time: 00:08:08

Health: -6/41      AC:  9    Str: 11    XL:     8   Next: 27%
Magic:  7/24       EV: 12    Int: 19    God:
Gold:   340        SH:  0    Dex: 16    Spells: 13/17 levels left

rFire   . . .      SeeInvis .    u - +1 dagger (drain)
rCold   . . .      Faith    .    (no shield)
rNeg    + . .      Spirit   .    a - +0 robe
rPois   ∞          Reflect  .    (no helmet)
rElec   +          Harm     .    (no cloak)
rCorr   .          Rampage  .    B - +0 pair of gloves
Will    .....                    n - +0 pair of boots
Stlth   ++                       (no amulet)
HPRegen 0.26/turn                l - ring of magical power
MPRegen 0.19/turn                z - +6 ring of dexterity

@: no status effects
A: sickness immunity, AC +5, negative energy resistance 1, electricity
resistance, torment resistance 1, petrification resistance
a: no special abilities


You were on level 5 of the Dungeon.
You visited 1 branch of the dungeon, and saw 5 of its levels.
You also visited: Ossuary.

You collected 340 gold pieces.

Inventory:

Hand Weapons
 f - a +0 mace of holy wrath
 u - a +1 dagger of draining (weapon)
Armour
 a - a +0 robe (worn)
 n - a +0 pair of boots (worn)
 B - a +0 pair of gloves (worn)
Jewellery
 l - a ring of magical power (left hand)
 z - a +6 ring of dexterity (right hand)
Scrolls
 c - 6 scrolls of identify
 d - 3 scrolls of blinking
 e - a scroll of enchant weapon {unknown}
 h - 2 scrolls of teleportation {unknown}
 i - 3 scrolls of fear {unknown}
 j - 2 scrolls of vulnerability {unknown}
 o - 3 scrolls of fog {unknown}
 t - 2 scrolls of enchant armour {unknown}
 x - 3 scrolls of amnesia {unknown}
 y - a scroll of silence {unknown}
Potions
 b - a potion of magic
 g - a potion of lignification {unknown}
 k - 2 potions of berserk rage
 m - 4 potions of curing {unknown}
 p - a potion of degeneration {unknown}
 q - a potion of mutation {unknown}
 r - 2 potions of brilliance {unknown}
 s - 3 potions of attraction {unknown}
 v - a potion of invisibility {unknown}
 w - a potion of might {unknown}
 A - a potion of heal wounds
 C - a potion of ambrosia {unknown}


   Skills:
 - Level 1.5 Dodging
 - Level 2.1 Stealth
 + Level 5.2 Spellcasting
 - Level 0.7 Transmutations
 * Level 10.0 Earth Magic


You had 13 spell levels left.
You knew the following spells:

 Your Spells              Type           Power      Damage    Failure   Level
a - Sandblast             Erth           86%        2d18      1%          1
b - Stone Arrow           Conj/Erth      48%        3d10      4%          3

Your spell library contained the following spells:

 Spells                   Type           Power      Damage    Failure   Level
 Passwall                 Tmut/Erth      20%        N/A       1%          2
 Petrify                  Tmut/Erth      25%        N/A       13%         4
 Leda's Liquefaction      Hex/Erth       12%        N/A       16%         4
 Call Canine Familiar     Summ           4%         N/A       36%         3
 Portal Projectile        Hex/Tloc       8%         N/A       36%         3


Dungeon Overview and Level Annotations

Branches:
Dungeon (5/15)            Ossuary (visited)
 Temple: D:4-7

Altars:
Qazlal

Annotations:
D:4 3 runed translucent doors, baller8008's ghost, amateur DECj


Innate Abilities, Weirdness & Mutations

You are immune to sickness and miasma.
Your stone body is resilient. (AC +5)
You are immune to poison.
You resist negative energy. (rN+)
You are resistant to electric shocks. (rElec)
You are resistant to unholy torment.
You are immune to petrification.


Message History

You kill the adder!
The gnoll sergeant hits you from afar with a +0 spear.
The gnoll barely misses you.
The gnoll sergeant hits you from afar with a +0 spear.
The gnoll attacks as you move away! The gnoll closely misses you.
The hound pauses to sniff the ground.
Aiming: Sandblast (safe; 1% risk of failure)
Press: ? - help, Q - select action, (/) - cycle Shift-Dir - straight line, f - hound
Aim: a hound (79% to hit)
The blast of sand hits the hound!
The hound is almost dead.
The hound bites you. The hound completely misses you.
Aiming: Sandblast (safe; 1% risk of failure)
Press: ? - help, Q - select action, (/) - cycle Shift-Dir - straight line, f/p - hound
Aim: a hound (almost dead, 79% to hit)
The blast of sand misses the hound.
The blast of sand hits the iguana!!
You kill the iguana!
The hound bites you. x2; The gnoll sergeant closely misses you.
Aiming: Sandblast (safe; 1% risk of failure)
Press: ? - help, Q - select action, (/) - cycle Shift-Dir - straight line, f/p - hound
Aim: a hound (almost dead, 79% to hit)
The blast of sand hits the hound!
You kill the hound!
The gnoll sergeant hits you with a +0 spear.
Your Earth Magic skill increases to level 10!
The gnoll sergeant attacks as you move away!
The gnoll sergeant hits you with a +0 spear!
* * * LOW HITPOINT WARNING * * *
The gnoll sergeant hits you from afar with a +0 spear.
* * * LOW HITPOINT WARNING * * *
Aiming: Sandblast (safe; 1% risk of failure)
Press: ? - help, Q - select action, (/) - cycle Shift-Dir - straight line, f - jelly
Aim: a jelly (100% to hit)
The blast of sand hits the jelly!!
You kill the jelly!
The sentinel's mark upon you fades away.
The gnoll sergeant hits you from afar with a +0 spear.
* * * LOW HITPOINT WARNING * * *
The gnoll sergeant hits you from afar with a +0 spear!
You die...

#### ##..#######
#.g.#...... #.#l#.#
##########g#@#.#
.........lg#†#.......
#............#####... #
#.#######..###......
#.##.#.#.#.#..###....##
#....#^^^^^#..........##
#..#########.......l....
#..#.'.....'........###
#..#########........#


You could see a gnoll sergeant and an iguana.

Vanquished Creatures
  A wraith (Ossuary)
  An ice beast (D:5)
  An ogre (D:4)
  A centaur (D:5)
  A howler monkey (D:5)
  2 hounds
  A jelly (D:5)
  A gnoll bouda (D:2)
  2 iguanas (D:5)
  2 orc wizards
  Natasha (thrice) (D:2)
  4 mummies
  10 gnolls
  8 adders
  A white imp (D:4)
  2 ufetubi
  3 worms
  4 dart slugs
  19 orcs
  6 endoplasms
  2 giant cockroaches
  8 goblins
  5 hobgoblins
  6 jackals
  2 quokkas (D:1)
  5 ball pythons
  5 bats
  6 frilled lizards
  5 kobolds
  5 kobold zombies (Ossuary)
  8 rats
130 creatures vanquished.

Vanquished Creatures (others)
  A plant (D:3)
1 creature vanquished.

Grand Total: 131 creatures vanquished

Notes
Turn   | Place    | Note
-------+----------+-------------------------------------------
     0 | D:1      | BubbleThief the Gargoyle Earth Elementalist began the quest
                  | for the Orb.
     0 | D:1      | Reached XP level 1. HP: 10/10 MP: 3/3
   145 | D:1      | Reached skill level 4 in Earth Magic
   148 | D:1      | Reached XP level 2. HP: 14/15 MP: 0/5
   719 | D:2      | Found a faded altar of an unknown god.
   733 | D:2      | Reached XP level 3. HP: 5/19 MP: 1/6
  1078 | D:2      | Noticed Natasha
  1079 | D:2      | Found a stormy altar of Qazlal.
  1082 | D:2      | Killed Natasha
  1083 | D:2      | Reached skill level 5 in Earth Magic
  1083 | D:2      | Reached XP level 4. HP: 24/24 MP: 8/8
  1136 | D:2      | Noticed Natasha
  1139 | D:2      | Killed Natasha
  1216 | D:2      | Noticed Natasha
  1221 | D:2      | Killed Natasha
  1314 | D:2      | Reached skill level 6 in Earth Magic
  1314 | D:2      | Reached XP level 5. HP: 26/28 MP: 9/9
  1998 | D:3      | Reached XP level 6. HP: 31/32 MP: 11/11
  2107 | D:3      | Reached skill level 7 in Earth Magic
  2737 | D:4      | Found a runed translucent gate.
  2737 | D:4      | Found a runed translucent gate.
  2737 | D:4      | Found a runed translucent gate.
  2762 | D:4      | Noticed an ice beast
  2763 | D:4      | Noticed an ice beast
  2763 | D:4      | Noticed baller8008's ghost (amateur DECj)
  2820 | D:4      | Reached XP level 7. HP: 32/36 MP: 13/13
  2885 | D:4      | Reached skill level 8 in Earth Magic
  2929 | D:4      | Identified the +0 ring mail "Yxol" {rElec Will+ rCorr
                  | Dex-5}
  3441 | D:5      | Entered Level 5 of the Dungeon
  3510 | D:5      | Found a sand-covered staircase.
  3525 | Ossuary  | Entered an ossuary
  3525 | Ossuary  | Noticed a wraith
  3525 | Ossuary  | Noticed a wraith
  3525 | Ossuary  | Noticed a wraith
  3586 | Ossuary  | Noticed a wraith
  3593 | Ossuary  | Killed a wraith
  3594 | Ossuary  | Reached skill level 9 in Earth Magic
  4034 | D:5      | Reached XP level 8. HP: 41/41 MP: 15/15
  4091 | D:4      | Learned a level 3 spell: Stone Arrow
  4249 | D:5      | Reached skill level 5 in Spellcasting
  4568 | D:5      | Reached skill level 10 in Earth Magic
  4569 | D:5      | HP: 2/41 [gnoll sergeant/+0 spear (4)]
  4569 | D:5      | Mangled by a gnoll sergeant

Illustrated notes

Levels and vault maps discovered:
D:1:      saegor_arrival_simple_c, layout_rooms, minivault_27
D:2:      layout_basic, basic_altar, hellmonk_ecumenical_altar_lost_god,
          lemuel_flame_loot_1, uniq_natasha
D:3:      minmay_chambers_of_twos, layout_basic, serial_forest,
          infiniplex_forest_clump_C, infiniplex_forest_lined_2,
          infiniplex_forest_diagonal, infiniplex_forest_clump_curved,
          infiniplex_forest_clump_medium, minmay_box_of_dots
D:4:      layout_basic, gammafunk_ghost_icy, item_on_display_a
D:5:      layout_rooms, serial_co_window_serial, co_window_paths_a,
          co_window_paths_b, co_window_of_opportunity_a, co_window_paths_a,
          co_window_paths_a, co_window_paths_b, co_window_of_opportunity_b,
          co_window_cross_4, co_window_of_opportunity_c, co_window_corner_b,
          co_window_corner_cb, glass_columns_b, glass_columns_a,
          glass_columns_a, glass_columns_a, glass_columns_a,
          gup_ossuary_entry_pyramid, grunt_tough_drop

Skill      XL: |  1  2  3  4  5  6  7  8 |
---------------+-------------------------+-----
Earth Magic    | 4 5 6 7 9 10 | 10.0
Spellcasting   | 3 4 5 |  5.2
Dodging        | |  1.5
Stealth        | |  2.1
Transmutations | |  0.7

Action                     |  1- 3 |  4- 6 |  7- 9 || total
---------------------------+-------+-------+-------++-------
  Melee: Unarmed           |     1 |       |       ||     1
         Hand axe          |     5 |       |       ||     5
         Flail             |     1 |     1 |       ||     2
         Dagger            |       |     1 |     1 ||     2
   Cast: Sandblast         |    30 |    90 |    80 ||   200
         Stone Arrow       |       |       |     5 ||     5
    Use: Scroll            |       |       |     2 ||     2
   Stab: Sleeping          |       |       |     1 ||     1
 Armour: Robe              |     7 |    10 |    18 ||    35
  Dodge: Dodged            |     7 |    12 |    31 ||    50

Table legend: (Time is in decaauts)
 A = Elapsed time spent in this place.
 B = Non-inter-level travel time spent in this place.
 C = Inter-level travel time spent in this place.
 D = Time resting spent in this place.
 E = Time spent auto-exploring this place.
 F = Levels seen in this place.
 G = Mean time per level.
                   A        B        C        D        E       F      G
               +--------+--------+--------+--------+--------+-----+--------+
         Total |   4671 |   4525 |    146 |     56 |   3604 |   6 |  778.5 |
       Dungeon |   4196 |   4050 |    146 |     39 |   3243 |   5 |  839.2 |
       Ossuary |    475 |    475 |      0 |     17 |    361 |   1 |  475.0 |
               +--------+--------+--------+--------+--------+-----+--------+

Top non-repeatable levels by time:
     D:2: 1128 daAuts
     D:4: 1029 daAuts
     D:3: 792 daAuts
     D:5: 647 daAuts
     D:1: 598 daAuts
 Ossuary: 475 daAuts
